2021 views
Uploaded 2023-08-07 18:51:09
Game version 1.36 (6115)
34:27 long 3on3 ladder game on (6)BloodstoneMesa_LV
Saved by GIGA
2021 views
Uploaded 2023-08-07 18:51:09
Game version 1.36 (6115)
34:27 long 3on3 ladder game on (6)BloodstoneMesa_LV


122 units @ 11.2k
/ 1.6k
170 buildings @ 11.8k
/ 5.8k


| Peasant | 21 | 1575 | / | 0 |
| Mortar Team | 6 | 1080 | / | 420 |
| Flying Machine | 31 | 3100 | / | 930 |
| Dragonhawk Rider | 2 | 400 | / | 60 |
| total: | 60 | 6155g | / | 1410w |
| Scout Tower | 54 | 1620 | / | 1080 |
| Arcane Tower | 2 | 140 | / | 100 |
| Guard Tower | 15 | 1050 | / | 750 |
| Altar of Kings | 2 | 360 | / | 100 |
| Farm | 14 | 1120 | / | 280 |
| Lumber Mill | 2 | 240 | / | 0 |
| Town Hall | 1 | 385 | / | 205 |
| Blacksmith | 1 | 140 | / | 60 |
| Arcane Vault | 1 | 130 | / | 30 |
| Workshop | 4 | 560 | / | 560 |
| Gryphon Aviary | 1 | 140 | / | 150 |
| Keep | 1 | 320 | / | 210 |
| Castle | 1 | 360 | / | 210 |
| total: | 80 | 4695g | / | 2465w |
| 0:02 | Peasant |
| 0:08 | Altar of Kings |
| 0:09 | Peasant |
| 0:20 | Farm |
| 0:21 | Peasant |
| 0:28 | Peasant |
| 0:35 | Lumber Mill |
| 0:36 | Peasant |
| 0:47 | Farm |
| 1:03 | Peasant |
| 1:15 | Peasant |
| 1:19 | Scout Tower |
| 1:25 | Peasant |
| 1:39 | Peasant |
| 1:45 | Scout Tower |
| 1:50 | Peasant |
| 1:54 | Scout Tower |
| 1:56 | Peasant |
| 2:03 | Arcane Tower |
| 2:26 | Scout Tower |
| 2:28 | Scout Tower |
| 2:29 | Guard Tower |
| 2:33 | Scout Tower |
| 2:38 | Peasant |
| 2:43 | Improved Lumber Harvesting |
| 2:51 | Storm Bolt |
| 3:06 | Guard Tower |
| 3:10 | Scout Tower |
| 3:52 | Guard Tower |
| 3:57 | Peasant |
| 3:58 | Guard Tower |
| 3:59 | Improved Masonry |
| 4:12 | Town Hall |
| 4:22 | Scout Tower |
| 5:26 | Peasant |
| 5:26 | Peasant |
| 5:28 | Scout Tower |
| 5:29 | Scout Tower |
| 5:30 | Scout Tower |
| 5:30 | Scout Tower |
| 5:39 | Peasant |
| 5:39 | Peasant |
| 5:49 | Peasant |
| 6:10 | Keep |
| 6:13 | Blacksmith |
| 6:28 | Guard Tower |
| 6:30 | Scout Tower |
| 6:38 | Scout Tower |
| 6:38 | Scout Tower |
| 6:39 | Scout Tower |
| 6:53 | Scout Tower |
| 6:57 | Scout Tower |
| 6:58 | Scout Tower |
| 6:58 | Scout Tower |
| 6:59 | Scout Tower |
| 7:29 | Guard Tower |
| 7:33 | Scout Tower |
| 7:36 | Black Gunpowder |
| 7:44 | Guard Tower |
| 7:46 | Peasant |
| 7:49 | Guard Tower |
| 8:27 | Guard Tower |
| 8:29 | Scout Tower |
| 8:34 | Scout Tower |
| 8:34 | Scout Tower |
| 8:35 | Scout Tower |
| 8:36 | Scout Tower |
| 8:37 | Castle |
| 8:39 | Refined Gunpowder |
| 8:50 | Advanced Lumber Harvesting |
| 9:05 | Workshop |
| 9:11 | Workshop |
| 9:19 | Workshop |
| 9:36 | Guard Tower |
| 10:03 | Advanced Masonry |
| 10:10 | Workshop |
| 10:19 | Flak Cannons |
| 10:23 | Studded Leather Armor |
| 10:42 | Flare |
| 11:05 | Flying Machine Bombs |
| 11:05 | Fragmentation Shards |
| 11:15 | Mortar Team |
| 11:17 | Mortar Team |
| 11:22 | Farm |
| 11:23 | Farm |
| 11:25 | Farm |
| 11:27 | Farm |
| 11:30 | Farm |
| 11:31 | Farm |
| 11:45 | Imbued Gunpowder |
| 12:03 | Iron Plating |
| 12:06 | Mortar Team |
| 12:11 | Imbued Masonry |
| 12:35 | Farm |
| 12:37 | Farm |
| 12:38 | Farm |
| 12:39 | Farm |
| 12:40 | Farm |
| 12:41 | Farm |
| 12:49 | Flying Machine |
| 12:50 | Flying Machine |
| 13:00 | Flying Machine |
| 13:54 | Mortar Team |
| 13:56 | Flying Machine |
| 13:56 | Flying Machine |
| 13:56 | Flying Machine |
| 13:56 | Flying Machine |
| 13:56 | Flying Machine |
| 13:57 | Flying Machine |
| 13:57 | Flying Machine |
| 13:58 | Reinforced Leather Armor |
| 14:10 | Flying Machine |
| 14:48 | Flying Machine |
| 14:49 | Flying Machine |
| 14:51 | Steel Plating |
| 15:28 | Scout Tower |
| 15:29 | Scout Tower |
| 15:31 | Scout Tower |
| 18:55 | Storm Bolt |
| 18:56 | Storm Bolt |
| 18:58 | Divine Shield |
| 18:59 | Divine Shield |
| 19:16 | Arcane Vault |
| 19:20 | Gryphon Aviary |
| 19:32 | Scout Tower |
| 19:33 | Scout Tower |
| 19:34 | Scout Tower |
| 19:40 | Peasant |
| 19:40 | Peasant |
| 20:22 | Flying Machine |
| 20:22 | Flying Machine |
| 20:22 | Flying Machine |
| 20:22 | Flying Machine |
| 20:23 | Flying Machine |
| 20:23 | Flying Machine |
| 20:23 | Flying Machine |
| 21:06 | Lumber Mill |
| 21:17 | Arcane Tower |
| 21:23 | Flying Machine |
| 21:24 | Flying Machine |
| 21:24 | Flying Machine |
| 22:59 | Bash |
| 23:02 | Holy Light |
| 23:07 | Cloud |
| 23:07 | Dragonhawk Rider |
| 23:07 | Dragonhawk Rider |
| 23:16 | Guard Tower |
| 23:49 | Mithril Plating |
| 23:56 | Altar of Kings |
| 25:16 | Flying Machine |
| 25:16 | Flying Machine |
| 25:16 | Flying Machine |
| 25:16 | Flying Machine |
| 26:36 | Flying Machine |
| 26:36 | Flying Machine |
| 26:36 | Flying Machine |
| 26:37 | Flying Machine |
| 28:47 | Mortar Team |
| 31:00 | Divine Shield |
| 31:16 | Mortar Team |
| 31:20 | Dragonhide Armor |
| 31:31 | Scout Tower |
| 31:32 | Scout Tower |
| 31:32 | Scout Tower |
| 31:33 | Scout Tower |
| 31:34 | Scout Tower |
| 31:34 | Scout Tower |
| 31:35 | Scout Tower |
| 31:35 | Scout Tower |
| 31:38 | Scout Tower |
| 31:38 | Scout Tower |
| 31:39 | Scout Tower |
| 31:40 | Scout Tower |
| 31:41 | Scout Tower |
| 31:42 | Scout Tower |
| 31:43 | Scout Tower |
| 31:44 | Scout Tower |
| 31:52 | Scout Tower |
| 32:06 | Scout Tower |
| 32:07 | Scout Tower |
| 32:09 | Scout Tower |
| 32:09 | Scout Tower |
| 32:12 | Guard Tower |
| 32:39 | Guard Tower |
| 33:05 | Guard Tower |
| 33:07 | Guard Tower |
| Right click | 1642 |
| Select group | 625 |
| Select | 446 |
| Build/train/purchase | 115 |
| Use ability | 108 |
| Misc. action | 85 |
| Assign group | 21 |
| Minimap ping | 18 |
| Resource trade | 18 |
| Esc | 4 |
| Remove unit | 1 |


| Healing Salve | 1 | 100 |
| total: | 1 | 100g |
| Peasant | 15 | 1125 | / | 0 |
| Mortar Team | 1 | 180 | / | 70 |
| total: | 16 | 1305g | / | 70w |
| Scout Tower | 51 | 1530 | / | 1020 |
| Guard Tower | 17 | 1190 | / | 850 |
| Arcane Tower | 7 | 490 | / | 350 |
| Altar of Kings | 2 | 360 | / | 100 |
| Farm | 8 | 640 | / | 160 |
| Lumber Mill | 2 | 240 | / | 0 |
| Blacksmith | 1 | 140 | / | 60 |
| Town Hall | 1 | 385 | / | 205 |
| Arcane Sanctum | 1 | 150 | / | 140 |
| Workshop | 1 | 140 | / | 140 |
| Keep | 1 | 320 | / | 210 |
| Castle | 1 | 360 | / | 210 |
| total: | 67 | 3585g | / | 1825w |
| 0:03 | Peasant |
| 0:03 | Peasant |
| 0:08 | Altar of Kings |
| 0:11 | Farm |
| 0:21 | Lumber Mill |
| 0:22 | Peasant |
| 0:29 | Peasant |
| 0:52 | Peasant |
| 1:01 | Scout Tower |
| 1:06 | Peasant |
| 1:17 | Peasant |
| 1:29 | Guard Tower |
| 1:31 | Scout Tower |
| 1:34 | Scout Tower |
| 1:40 | Peasant |
| 1:45 | Improved Lumber Harvesting |
| 1:47 | Peasant |
| 2:01 | Guard Tower |
| 2:04 | Scout Tower |
| 2:09 | Guard Tower |
| 2:20 | Scout Tower |
| 2:22 | Scout Tower |
| 2:27 | Storm Bolt |
| 2:34 | Farm |
| 2:47 | Guard Tower |
| 3:04 | Guard Tower |
| 3:07 | Peasant |
| 3:07 | Peasant |
| 3:07 | Peasant |
| 3:32 | Scout Tower |
| 3:33 | Scout Tower |
| 3:50 | Scout Tower |
| 3:52 | Peasant |
| 3:52 | Peasant |
| 3:55 | Farm |
| 3:58 | Scout Tower |
| 4:00 | Scout Tower |
| 4:08 | Guard Tower |
| 4:11 | Scout Tower |
| 4:14 | Peasant |
| 4:18 | Arcane Tower |
| 4:21 | Scout Tower |
| 4:34 | Arcane Tower |
| 4:35 | Guard Tower |
| 4:40 | Improved Masonry |
| 4:45 | Keep |
| 4:49 | Scout Tower |
| 4:51 | Scout Tower |
| 4:52 | Scout Tower |
| 4:55 | Scout Tower |
| 4:56 | Scout Tower |
| 5:02 | Healing Salve |
| 5:19 | Bash |
| 5:24 | Bash |
| 5:29 | Scout Tower |
| 5:32 | Guard Tower |
| 5:34 | Scout Tower |
| 5:38 | Scout Tower |
| 5:56 | Guard Tower |
| 6:06 | Guard Tower |
| 6:08 | Scout Tower |
| 6:11 | Scout Tower |
| 6:13 | Scout Tower |
| 6:17 | Scout Tower |
| 6:42 | Guard Tower |
| 6:48 | Scout Tower |
| 6:50 | Guard Tower |
| 6:53 | Scout Tower |
| 6:55 | Scout Tower |
| 7:25 | Guard Tower |
| 7:28 | Scout Tower |
| 7:29 | Scout Tower |
| 7:33 | Arcane Tower |
| 7:35 | Scout Tower |
| 8:10 | Castle |
| 8:13 | Guard Tower |
| 8:23 | Arcane Sanctum |
| 8:37 | Blacksmith |
| 8:45 | Advanced Masonry |
| 9:30 | Lumber Mill |
| 9:35 | Scout Tower |
| 9:54 | Magic Sentry |
| 10:22 | Holy Light |
| 10:39 | Black Gunpowder |
| 10:44 | Workshop |
| 11:11 | Scout Tower |
| 11:14 | Scout Tower |
| 11:15 | Scout Tower |
| 11:17 | Scout Tower |
| 11:50 | Arcane Tower |
| 11:52 | Scout Tower |
| 11:55 | Scout Tower |
| 11:56 | Scout Tower |
| 11:58 | Scout Tower |
| 12:00 | Scout Tower |
| 12:04 | Scout Tower |
| 12:04 | Scout Tower |
| 12:05 | Scout Tower |
| 12:08 | Scout Tower |
| 12:09 | Scout Tower |
| 12:21 | Arcane Tower |
| 12:22 | Guard Tower |
| 12:30 | Guard Tower |
| 12:31 | Arcane Tower |
| 12:32 | Arcane Tower |
| 12:40 | Farm |
| 12:43 | Farm |
| 12:47 | Farm |
| 12:51 | Scout Tower |
| 12:53 | Scout Tower |
| 12:58 | Imbued Masonry |
| 13:03 | Fragmentation Shards |
| 13:54 | Mortar Team |
| 14:00 | Farm |
| 14:08 | Scout Tower |
| 14:09 | Scout Tower |
| 14:09 | Scout Tower |
| 14:57 | Guard Tower |
| 20:32 | Holy Light |
| 23:00 | Bash |
| 26:53 | Altar of Kings |
| 29:35 | Farm |
| 30:05 | Storm Bolt |
| 30:20 | Storm Bolt |
| 31:57 | Town Hall |
| Right click | 2245 |
| Select group | 1678 |
| Select | 482 |
| Build/train/purchase | 110 |
| Resource trade | 46 |
| Use ability | 38 |
| Assign group | 36 |
| Minimap ping | 18 |
| Esc | 6 |
| Item give/drop | 1 |
Cabeelibob
(194)
(34:22) : 

| Healing Salve | 3 | 300 |
| Lesser Clarity Potion | 4 | 280 |
| Orb of Lightning | 1 | 375 |
| Tiny Great Hall | 1 | 600 |
| Boots of Speed | 1 | 250 |
| Staff of Teleportation | 1 | 150 |
| total: | 11 | 1955g |
| Peon | 42 | 3150 | / | 0 |
| Troll Witch Doctor | 4 | 580 | / | 100 |
| total: | 46 | 3730g | / | 100w |
| Watch Tower | 9 | 990 | / | 720 |
| Altar of Storms | 2 | 360 | / | 100 |
| Orc Burrow | 7 | 1120 | / | 280 |
| War Mill | 2 | 410 | / | 0 |
| Voodoo Lounge | 1 | 130 | / | 30 |
| Great Hall | 1 | 385 | / | 185 |
| Spirit Lodge | 1 | 150 | / | 150 |
| Stronghold | 1 | 315 | / | 190 |
| Fortress | 1 | 325 | / | 190 |
| total: | 23 | 3545g | / | 1465w |
| 0:03 | Altar of Storms |
| 0:06 | Orc Burrow |
| 0:07 | Peon |
| 0:15 | Peon |
| 0:24 | Peon |
| 0:39 | Peon |
| 0:55 | War Mill |
| 0:57 | Peon |
| 1:05 | Peon |
| 1:17 | Peon |
| 1:40 | Voodoo Lounge |
| 1:47 | Peon |
| 1:48 | Peon |
| 1:53 | Orc Burrow |
| 2:02 | Peon |
| 2:20 | Wind Walk |
| 2:26 | Peon |
| 2:43 | Peon |
| 2:50 | Watch Tower |
| 3:27 | Peon |
| 3:27 | Peon |
| 3:41 | Boots of Speed |
| 3:41 | Staff of Teleportation |
| 3:45 | Peon |
| 4:20 | Peon |
| 4:20 | Peon |
| 4:47 | Healing Salve |
| 4:47 | Lesser Clarity Potion |
| 5:35 | Great Hall |
| 5:50 | Peon |
| 5:50 | Peon |
| 5:50 | Peon |
| 6:04 | Lesser Clarity Potion |
| 6:40 | Watch Tower |
| 6:40 | Watch Tower |
| 6:41 | Watch Tower |
| 7:24 | Watch Tower |
| 8:16 | Orc Burrow |
| 8:31 | Orc Burrow |
| 8:43 | Peon |
| 9:00 | Watch Tower |
| 9:10 | Holy Light |
| 9:22 | Lesser Clarity Potion |
| 9:26 | Peon |
| 9:26 | Peon |
| 9:26 | Peon |
| 9:35 | Spiked Barricades |
| 9:42 | Watch Tower |
| 9:42 | Watch Tower |
| 11:52 | Peon |
| 11:53 | Peon |
| 11:53 | Peon |
| 12:25 | Critical Strike |
| 12:35 | Stronghold |
| 13:38 | Healing Salve |
| 17:15 | Critical Strike |
| 18:57 | Altar of Storms |
| 19:37 | Wind Walk |
| 19:39 | Healing Salve |
| 20:11 | Fortress |
| 21:59 | Orc Burrow |
| 22:39 | Spirit Lodge |
| 22:57 | Peon |
| 22:57 | Peon |
| 22:57 | Peon |
| 23:00 | Orc Burrow |
| 23:06 | Peon |
| 23:07 | Peon |
| 23:53 | Peon |
| 23:55 | Witch Doctor Adept Training |
| 24:09 | Lesser Clarity Potion |
| 24:11 | Orb of Lightning |
| 25:14 | Witch Doctor Master Training |
| 25:22 | Peon |
| 25:23 | Peon |
| 25:23 | Peon |
| 25:23 | Peon |
| 25:39 | Troll Witch Doctor |
| 25:39 | Troll Witch Doctor |
| 25:39 | Troll Witch Doctor |
| 25:39 | Troll Witch Doctor |
| 26:02 | Tiny Great Hall |
| 26:36 | Critical Strike |
| 26:58 | Peon |
| 26:58 | Peon |
| 26:58 | Peon |
| 26:58 | Peon |
| 26:58 | Peon |
| 30:53 | War Mill |
| 31:03 | Orc Burrow |
| 31:38 | Bladestorm |
| 31:44 | War Stomp |
| 33:19 | Watch Tower |
| Right click | 1012 |
| Select | 273 |
| Select group | 219 |
| Misc. action | 117 |
| Build/train/purchase | 113 |
| Resource trade | 75 |
| Chat | 53 |
| Use ability | 16 |
| Item give/drop | 6 |
| Minimap ping | 5 |
| Remove unit | 4 |
| Esc | 3 |
| Assign group | 2 |
206 units @ 28k
/ 3.4k
98 buildings @ 14.3k
/ 6.7k

| Scroll of Regeneration | 7 | 700 |
| Lesser Clarity Potion | 4 | 280 |
| Orb of Fire | 1 | 325 |
| Scroll of Town Portal | 2 | 700 |
| total: | 14 | 2005g |
| Peasant | 21 | 1575 | / | 0 |
| Footman | 7 | 945 | / | 0 |
| Priest | 10 | 1350 | / | 100 |
| Spell Breaker | 5 | 1075 | / | 150 |
| Mortar Team | 13 | 2340 | / | 910 |
| Knight | 2 | 490 | / | 120 |
| Siege Engine | 7 | 1365 | / | 420 |
| Sorceress | 1 | 155 | / | 20 |
| Centaur Outrunner | 1 | 195 | / | 0 |
| Troll Batrider | 7 | 1120 | / | 280 |
| Peon | 5 | 375 | / | 0 |
| total: | 79 | 10985g | / | 2000w |
| Scout Tower | 11 | 330 | / | 220 |
| Arcane Tower | 1 | 70 | / | 50 |
| Guard Tower | 3 | 210 | / | 150 |
| Barracks | 1 | 160 | / | 60 |
| Farm | 14 | 1120 | / | 280 |
| Altar of Kings | 2 | 360 | / | 100 |
| Arcane Vault | 1 | 130 | / | 30 |
| Lumber Mill | 1 | 120 | / | 0 |
| Blacksmith | 1 | 140 | / | 60 |
| Town Hall | 2 | 770 | / | 410 |
| Arcane Sanctum | 2 | 300 | / | 280 |
| Workshop | 3 | 420 | / | 420 |
| Keep | 2 | 640 | / | 420 |
| Castle | 1 | 360 | / | 210 |
| Watch Tower | 10 | 1100 | / | 800 |
| Altar of Storms | 2 | 360 | / | 100 |
| Barracks | 1 | 180 | / | 50 |
| Orc Burrow | 4 | 640 | / | 160 |
| War Mill | 1 | 205 | / | 0 |
| Stronghold | 1 | 315 | / | 190 |
| total: | 56 | 6335g | / | 2970w |
| 0:04 | Peasant |
| 0:10 | Barracks |
| 0:12 | Peasant |
| 0:19 | Farm |
| 0:23 | Peasant |
| 0:30 | Peasant |
| 0:52 | Peasant |
| 0:59 | Farm |
| 1:01 | Peasant |
| 1:10 | Peasant |
| 1:12 | Footman |
| 1:21 | Altar of Kings |
| 1:32 | Peasant |
| 1:35 | Footman |
| 1:47 | Peasant |
| 1:51 | Scout Tower |
| 1:58 | Footman |
| 2:07 | Farm |
| 2:19 | Arcane Tower |
| 2:33 | Arcane Vault |
| 2:39 | Lumber Mill |
| 3:17 | Peasant |
| 3:18 | Footman |
| 3:24 | Summon Water Elemental |
| 3:35 | Peasant |
| 3:37 | Footman |
| 3:53 | Keep |
| 4:20 | Scout Tower |
| 4:30 | Scroll of Regeneration |
| 4:30 | Scroll of Regeneration |
| 4:31 | Scroll of Regeneration |
| 4:33 | Lesser Clarity Potion |
| 4:33 | Lesser Clarity Potion |
| 4:53 | Farm |
| 4:55 | Guard Tower |
| 4:58 | Improved Lumber Harvesting |
| 5:14 | Defend |
| 5:22 | Brilliance Aura |
| 5:43 | Centaur Outrunner |
| 5:58 | Footman |
| 6:03 | Farm |
| 6:17 | Scroll of Regeneration |
| 6:20 | Lesser Clarity Potion |
| 6:42 | Arcane Sanctum |
| 6:44 | Arcane Sanctum |
| 6:46 | Footman |
| 7:30 | Scroll of Town Portal |
| 7:33 | Scroll of Regeneration |
| 7:41 | Lesser Clarity Potion |
| 8:02 | Priest |
| 8:03 | Priest |
| 8:13 | Blacksmith |
| 8:35 | Priest Adept Training |
| 8:35 | Priest |
| 9:04 | Summon Water Elemental |
| 9:06 | Priest |
| 9:21 | Town Hall |
| 9:46 | Workshop |
| 9:59 | Farm |
| 10:39 | Priest |
| 10:43 | Farm |
| 10:45 | Black Gunpowder |
| 11:08 | Workshop |
| 11:23 | Priest |
| 11:24 | Spell Breaker |
| 11:28 | Farm |
| 11:30 | Castle |
| 12:08 | Magic Sentry |
| 12:16 | Refined Gunpowder |
| 12:19 | Mortar Team |
| 12:20 | Mortar Team |
| 12:29 | Farm |
| 12:46 | Peasant |
| 12:46 | Peasant |
| 12:46 | Peasant |
| 13:05 | Mortar Team |
| 13:24 | Brilliance Aura |
| 14:00 | Fragmentation Shards |
| 14:04 | Farm |
| 14:06 | Mortar Team |
| 14:08 | Priest Master Training |
| 14:29 | Mortar Team |
| 14:31 | Imbued Gunpowder |
| 14:56 | Mortar Team |
| 15:58 | Mortar Team |
| 15:58 | Mortar Team |
| 15:58 | Mortar Team |
| 16:00 | Knight |
| 16:00 | Knight |
| 17:26 | Scout Tower |
| 17:26 | Scout Tower |
| 17:27 | Scout Tower |
| 17:27 | Scout Tower |
| 17:28 | Scout Tower |
| 17:29 | Peasant |
| 17:30 | Peasant |
| 17:30 | Peasant |
| 17:31 | Backpack |
| 17:34 | Scout Tower |
| 17:55 | Siege Engine |
| 17:56 | Barrage |
| 18:09 | Peasant |
| 18:09 | Peasant |
| 18:12 | Guard Tower |
| 18:21 | Guard Tower |
| 18:40 | Control Magic |
| 19:04 | Siege Engine |
| 19:07 | Sorceress Adept Training |
| 19:08 | Sorceress |
| 19:14 | Orb of Fire |
| 20:06 | Siege Engine |
| 20:34 | Siege Engine |
| 20:39 | Workshop |
| 22:00 | Siege Engine |
| 22:00 | Siege Engine |
| 22:28 | Priest |
| 22:28 | Priest |
| 23:35 | Priest |
| 23:58 | Altar of Kings |
| 24:27 | Town Hall |
| 25:35 | Improved Masonry |
| 25:37 | Studded Leather Armor |
| 26:03 | Farm |
| 26:04 | Farm |
| 26:39 | Spell Breaker |
| 26:51 | Farm |
| 27:03 | Troll Batrider |
| 27:04 | Troll Batrider |
| 27:04 | Troll Batrider |
| 27:04 | Troll Batrider |
| 27:04 | Troll Batrider |
| 27:05 | Troll Batrider |
| 27:05 | Troll Batrider |
| 27:31 | Priest |
| 27:33 | Mortar Team |
| 27:36 | Mortar Team |
| 27:41 | Farm |
| 29:35 | Mortar Team |
| 29:36 | Mortar Team |
| 29:37 | Spell Breaker |
| 29:37 | Spell Breaker |
| 29:37 | Spell Breaker |
| 29:40 | Peasant |
| 29:40 | Peasant |
| 29:55 | Summon Water Elemental |
| 30:15 | Altar of Storms |
| 30:18 | Barracks |
| 30:20 | Altar of Storms |
| 30:53 | Scroll of Regeneration |
| 30:55 | Scroll of Town Portal |
| 31:06 | Stronghold |
| 31:09 | Orc Burrow |
| 31:10 | Orc Burrow |
| 31:11 | Orc Burrow |
| 31:13 | Orc Burrow |
| 31:16 | War Mill |
| 31:20 | Peon |
| 31:20 | Peon |
| 31:20 | Peon |
| 31:20 | Peon |
| 31:20 | Peon |
| 31:25 | Watch Tower |
| 31:25 | Watch Tower |
| 31:25 | Watch Tower |
| 31:26 | Watch Tower |
| 31:26 | Watch Tower |
| 31:41 | Siege Engine |
| 32:18 | Watch Tower |
| 32:19 | Watch Tower |
| 32:20 | Watch Tower |
| 32:21 | Watch Tower |
| 32:22 | Watch Tower |
| 32:48 | Scout Tower |
| 32:48 | Scout Tower |
| 32:53 | Scout Tower |
| 33:43 | Scroll of Regeneration |
| Right click | 616 |
| Select group | 520 |
| Select | 420 |
| Misc. action | 214 |
| Build/train/purchase | 201 |
| Assign group | 43 |
| Use ability | 26 |
| Resource trade | 13 |
| Esc | 4 |
| Remove unit | 2 |

| Potion of Healing | 1 | 150 |
| Orb of Venom | 1 | 325 |
| Orb of Lightning | 1 | 375 |
| total: | 3 | 850g |
| Wisp | 14 | 840 | / | 0 |
| Archer | 25 | 3250 | / | 250 |
| Hippogryph | 21 | 3360 | / | 420 |
| Chimaera | 3 | 990 | / | 210 |
| Faerie Dragon | 3 | 465 | / | 75 |
| total: | 66 | 8905g | / | 955w |
| Ancient Protector | 2 | 270 | / | 160 |
| Moon Well | 7 | 1260 | / | 280 |
| Altar of Elders | 1 | 180 | / | 50 |
| Ancient of War | 1 | 150 | / | 60 |
| Hunter's Hall | 1 | 210 | / | 100 |
| Ancient of Wonders | 1 | 90 | / | 30 |
| Tree of Life | 2 | 680 | / | 370 |
| Ancient of Wind | 2 | 300 | / | 280 |
| Chimaera Roost | 1 | 140 | / | 190 |
| Tree of Ages | 1 | 320 | / | 180 |
| Tree of Eternity | 2 | 660 | / | 400 |
| Beastiary | 1 | 145 | / | 140 |
| total: | 19 | 3425g | / | 1660w |
| 0:05 | Wisp |
| 0:06 | Wisp |
| 0:06 | Wisp |
| 0:21 | Moon Well |
| 0:36 | Altar of Elders |
| 0:43 | Wisp |
| 0:44 | Wisp |
| 0:44 | Wisp |
| 0:44 | Wisp |
| 0:44 | Wisp |
| 0:46 | Wisp |
| 1:22 | Moon Well |
| 1:31 | Ancient of War |
| 2:38 | Hunter's Hall |
| 2:41 | Archer |
| 2:42 | Archer |
| 2:44 | Archer |
| 2:51 | Tree of Ages |
| 2:58 | Archer |
| 3:00 | Archer |
| 3:10 | Searing Arrows |
| 3:21 | Moon Well |
| 3:41 | Ancient Protector |
| 3:45 | Strength of the Moon |
| 3:48 | Archer |
| 4:04 | Archer |
| 4:18 | Archer |
| 4:48 | Moon Armor |
| 5:38 | Wisp |
| 5:38 | Wisp |
| 5:38 | Wisp |
| 5:38 | Wisp |
| 5:44 | Ancient of Wonders |
| 5:49 | Ancient of Wind |
| 6:02 | Ancient of Wind |
| 6:06 | Ancient Protector |
| 6:20 | Wisp |
| 6:39 | Scout |
| 7:01 | Potion of Healing |
| 7:09 | Hippogryph |
| 7:10 | Hippogryph |
| 7:13 | Hippogryph |
| 7:50 | Moon Well |
| 7:52 | Moon Well |
| 8:43 | Hippogryph |
| 8:47 | Tree of Eternity |
| 9:05 | Improved Strength of the Moon |
| 9:24 | Improved Bows |
| 9:25 | Archer |
| 9:31 | Hippogryph |
| 10:16 | Searing Arrows |
| 10:19 | Archer |
| 10:26 | Strength of the Wild |
| 10:48 | Orb of Lightning |
| 10:55 | Moon Well |
| 11:11 | Marksmanship |
| 11:16 | Advanced Strength of the Moon |
| 11:18 | Improved Strength of the Wild |
| 12:44 | Trueshot Aura |
| 12:47 | Archer |
| 12:47 | Archer |
| 12:48 | Hippogryph |
| 13:46 | Chimaera Roost |
| 13:52 | Hippogryph |
| 13:55 | Moon Well |
| 13:58 | Archer |
| 13:58 | Archer |
| 14:05 | Improved Moon Armor |
| 14:16 | Orb of Venom |
| 14:28 | Archer |
| 15:18 | Corrosive Breath |
| 16:17 | Reinforced Hides |
| 16:21 | Chimaera |
| 16:25 | Hippogryph |
| 16:27 | Faerie Dragon |
| 16:36 | Faerie Dragon |
| 16:37 | Faerie Dragon |
| 18:44 | Hippogryph |
| 18:45 | Hippogryph |
| 18:47 | Improved Reinforced Hides |
| 19:30 | Hippogryph |
| 20:04 | Hippogryph |
| 21:03 | Hippogryph |
| 22:19 | Trueshot Aura |
| 23:07 | Tree of Life |
| 23:14 | Hippogryph |
| 23:15 | Hippogryph |
| 23:15 | Hippogryph |
| 23:18 | Archer |
| 23:19 | Archer |
| 23:19 | Archer |
| 23:19 | Archer |
| 23:19 | Archer |
| 23:19 | Archer |
| 23:19 | Archer |
| 23:19 | Archer |
| 23:25 | Hippogryph |
| 23:28 | Chimaera |
| 23:30 | Advanced Strength of the Wild |
| 23:31 | Advanced Reinforced Hides |
| 23:57 | Chimaera |
| 24:21 | Archer |
| 24:22 | Archer |
| 25:47 | Tree of Life |
| 25:50 | Hippogryph |
| 25:51 | Hippogryph |
| 25:51 | Hippogryph |
| 25:51 | Hippogryph |
| 27:06 | Beastiary |
| 28:54 | Starfall |
| Right click | 658 |
| Select | 375 |
| Assign group | 202 |
| Build/train/purchase | 116 |
| Select group | 104 |
| Misc. action | 25 |
| Remove unit | 10 |
| Resource trade | 6 |
| Esc | 5 |
| Use ability | 4 |
| Item give/drop | 1 |
| Minimap ping | 1 |


| Healing Salve | 6 | 600 |
| Scroll of Speed | 2 | 100 |
| Potion of Mana | 2 | 400 |
| Lesser Clarity Potion | 2 | 140 |
| Orb of Lightning | 1 | 375 |
| Potion of Healing | 1 | 150 |
| Dust of Appearance | 2 | 150 |
| Scroll of Town Portal | 2 | 700 |
| Potion of Lesser Invulnerability | 4 | 600 |
| Circlet of Nobility | 2 | 350 |
| Scroll of Protection | 1 | 150 |
| total: | 25 | 3715g |
| Peon | 32 | 2400 | / | 0 |
| Grunt | 17 | 3400 | / | 0 |
| Wind Rider | 4 | 1060 | / | 160 |
| Troll Batrider | 8 | 1280 | / | 320 |
| total: | 61 | 8140g | / | 480w |
| Altar of Storms | 2 | 360 | / | 100 |
| Orc Burrow | 7 | 1120 | / | 280 |
| Barracks | 2 | 360 | / | 100 |
| Voodoo Lounge | 1 | 130 | / | 30 |
| Great Hall | 4 | 1540 | / | 740 |
| War Mill | 1 | 205 | / | 0 |
| Beastiary | 6 | 870 | / | 840 |
| Stronghold | 2 | 630 | / | 380 |
| Fortress | 2 | 650 | / | 380 |
| total: | 23 | 4585g | / | 2090w |
| 0:01 | Peon |
| 0:02 | Peon |
| 0:04 | Altar of Storms |
| 0:06 | Altar of Storms |
| 0:18 | Orc Burrow |
| 0:33 | Barracks |
| 0:33 | Peon |
| 0:45 | Peon |
| 0:57 | Peon |
| 1:25 | Orc Burrow |
| 1:34 | Grunt |
| 1:34 | Grunt |
| 1:34 | Grunt |
| 1:34 | Grunt |
| 1:34 | Grunt |
| 1:34 | Grunt |
| 1:34 | Grunt |
| 1:35 | Grunt |
| 1:42 | Voodoo Lounge |
| 1:50 | Peon |
| 1:50 | Peon |
| 2:01 | Peon |
| 2:06 | Wind Walk |
| 2:20 | Grunt |
| 2:24 | Peon |
| 2:41 | Grunt |
| 2:41 | Grunt |
| 2:41 | Grunt |
| 2:41 | Grunt |
| 2:41 | Grunt |
| 2:41 | Grunt |
| 2:41 | Grunt |
| 2:50 | Critical Strike |
| 3:06 | Healing Salve |
| 3:06 | Healing Salve |
| 3:29 | Grunt |
| 3:50 | Stronghold |
| 3:54 | Scroll of Speed |
| 4:22 | Orc Burrow |
| 4:31 | Dust of Appearance |
| 5:03 | Great Hall |
| 5:15 | Wind Walk |
| 5:28 | War Mill |
| 5:29 | Healing Salve |
| 6:16 | Pillage |
| 6:16 | Berserker Strength |
| 7:05 | Fortress |
| 7:06 | Reinforced Defenses |
| 7:19 | Hex |
| 8:33 | Healing Salve |
| 8:33 | Healing Salve |
| 8:37 | Orc Burrow |
| 8:41 | Beastiary |
| 8:42 | Beastiary |
| 9:12 | Potion of Mana |
| 9:13 | Lesser Clarity Potion |
| 9:33 | Healing Wave |
| 9:36 | Potion of Lesser Invulnerability |
| 9:52 | Wind Rider |
| 9:54 | Envenomed Spears |
| 10:10 | Wind Rider |
| 10:14 | Great Hall |
| 10:38 | Wind Rider |
| 11:02 | Wind Rider |
| 11:13 | Orc Burrow |
| 11:15 | Peon |
| 11:15 | Peon |
| 11:37 | Critical Strike |
| 11:50 | Steel Ranged Weapons |
| 11:52 | Peon |
| 11:52 | Steel Armor |
| 12:31 | Liquid Fire |
| 12:52 | Beastiary |
| 13:02 | Peon |
| 13:02 | Peon |
| 13:02 | Peon |
| 13:06 | Peon |
| 13:06 | Peon |
| 13:57 | Troll Batrider |
| 14:05 | Healing Wave |
| 14:10 | Circlet of Nobility |
| 14:10 | Potion of Lesser Invulnerability |
| 14:29 | Troll Batrider |
| 14:47 | Orc Burrow |
| 14:49 | Thorium Ranged Weapons |
| 14:59 | Troll Batrider |
| 15:09 | Troll Batrider |
| 15:30 | Troll Batrider |
| 16:14 | Thorium Armor |
| 16:15 | Arcanite Ranged Weapons |
| 16:31 | Troll Batrider |
| 16:47 | Scroll of Protection |
| 17:30 | Great Hall |
| 17:33 | Peon |
| 18:21 | Great Hall |
| 18:40 | Troll Batrider |
| 18:57 | Critical Strike |
| 19:51 | Hex |
| 19:57 | Orb of Lightning |
| 20:13 | Potion of Healing |
| 20:13 | Healing Salve |
| 20:22 | Orc Burrow |
| 20:34 | Scroll of Town Portal |
| 20:54 | Peon |
| 20:54 | Peon |
| 20:54 | Peon |
| 20:54 | Peon |
| 20:56 | Peon |
| 20:56 | Peon |
| 20:56 | Peon |
| 20:56 | Peon |
| 21:27 | Beastiary |
| 21:27 | Beastiary |
| 21:29 | Dust of Appearance |
| 21:30 | Circlet of Nobility |
| 21:33 | Peon |
| 21:33 | Peon |
| 21:56 | Potion of Lesser Invulnerability |
| 22:16 | Peon |
| 22:16 | Peon |
| 22:17 | Peon |
| 22:17 | Peon |
| 23:27 | Burning Oil |
| 23:29 | Barracks |
| 23:31 | Beastiary |
| 23:37 | Potion of Lesser Invulnerability |
| 23:51 | Troll Batrider |
| 23:53 | Lesser Clarity Potion |
| 23:55 | Scroll of Town Portal |
| 24:43 | Potion of Mana |
| 24:44 | Scroll of Speed |
| 25:07 | Healing Wave |
| 25:11 | Healing Wave |
| 25:32 | Bladestorm |
| Select group | 2589 |
| Right click | 1281 |
| Select | 634 |
| Build/train/purchase | 192 |
| Misc. action | 170 |
| Use ability | 93 |
| Resource trade | 42 |
| Assign group | 36 |
| Esc | 6 |
| Minimap ping | 4 |
| Item give/drop | 3 |
| Remove unit | 1 |
⇛